 Dungeon Crawl Stone Soup version 0.28-a0-1227-ga9037bb4c8 (webtiles) character file.

Game seed: 18328472032971477404

7550 ChaosChampion the Transmogrifier (level 11, 0/72 HPs)
             Began as an Octopode Transmuter on Dec 22, 2021.
             Was an Initiate of Ru.
             Slain by a two-headed ogre (30 damage)
             ... on level 11 of the Dungeon.
             The game lasted 00:24:24 (16893 turns).

ChaosChampion the Transmogrifier (OpTm)            Turns: 16893, Time: 00:24:25

Health: 0/72       AC:  1    Str: 15    XL:     11   Next: 17%
Magic:  10/17      EV: 15    Int: 20    God:    Ru [......]
Gold:   704        SH:  0    Dex: 13    Spells: 3/18 levels left

rFire   . . .      SeeInvis .     - Unarmed
rCold   . . .      Faith    .   (shield currently unavailable)
rNeg    . . .      Spirit   .   (helmet restricted)
rPois   .          Reflect  .   e - amulet of regeneration
rElec   .          Harm     .   g - +6 ring of strength
rCorr   +          Rampage  .   s - +4 ring of slaying
Will    .....                   x - ring of resist corrosion
Stlth   ++........              (no ring)
HPRegen 1.02/turn               (no ring)
MPRegen 0.15/turn               (no ring)
                                (no ring)
                                (no ring)

@: blade tentacles, wereblooded
A: almost no armour, amphibious, 8 rings, camouflage 1, gelatinous body 1,
(nimble swimmer 1), tentacles
a: End Transformation, Renounce Religion


You were on level 11 of the Dungeon.
You worshipped Ru.
Ru was noncommittal.
You had blades for main tentacles.
You visited 2 branches of the dungeon, and saw 12 of its levels.

You collected 704 gold pieces.

Inventory:

Missiles
 n - 49 poisoned darts (quivered)
Magical Staves
 b - a staff of air
Jewellery
 e - an amulet of regeneration (around mantle)
 g - a +6 ring of strength (left blade tentacle)
 s - a +4 ring of slaying (right blade tentacle)
 x - a ring of resist corrosion (on tentacle)
Wands
 a - a wand of flame (15)
 c - a wand of iceblast (8)
 d - a wand of mindburst (5)
 p - a wand of charming (7)
Scrolls
 m - 2 scrolls of amnesia {unknown}
 o - 5 scrolls of teleportation
 w - a scroll of enchant weapon {unknown}
 y - a scroll of noise {unknown}
 z - 3 scrolls of identify
 A - a scroll of enchant armour
 C - a scroll of fog
 E - a scroll of fear {unknown}
Potions
 f - a potion of heal wounds {unknown}
 h - 3 potions of might {unknown}
 i - 2 potions of resistance {unknown}
 j - 3 potions of attraction
 k - 2 potions of ambrosia
 l - a potion of mutation {unknown}
 q - 2 potions of brilliance {unknown}
 r - a potion of berserk rage {unknown}
 t - 3 potions of haste
 u - 2 potions of magic {unknown}
 v - 2 potions of flight {unknown}
 B - a potion of curing
 D - a potion of degeneration {unknown}


   Skills:
 + Level 6.2 Fighting
 + Level 6.1 Dodging
 + Level 9.1 Unarmed Combat
 - Level 4.0 Spellcasting
 - Level 9.9 Transmutations
 + Level 3.3 Ice Magic
 - Level 1.1 Air Magic
 - Level 5.0 Poison Magic


You had 3 spell levels left.
You knew the following spells:

 Your Spells              Type           Power      Damage    Failure   Level
a - Beastly Appendage     Tmut           86%        N/A       9%          1
b - Wereblood             Tmut           43%        N/A       10%         2
c - Spider Form           Tmut/Pois      33%        N/A       21%         3
d - Ice Form              Ice/Tmut       30%        N/A       43%         4
e - Blade Hands           Tmut           21%        N/A       36%         5

Your spell library contained the following spells:

 Spells                   Type           Power      Damage    Failure   Level
 Shock                    Conj/Air       24%        1d4       47%         1
 Animate Skeleton         Necr           8%         N/A       52%         1
 Pain                     Necr           16%        1d4       52%         1
 Swiftness                Air            8%         N/A       67%         3
 Stone Arrow              Conj/Erth      8%         3d7       78%         3
 Vampiric Draining        Necr           4%         2d6       78%         3
 Airstrike                Air            4%         N/A       93%         4
 Iron Shot                Conj/Erth      2%         9d2       100%        6
 Lehudib's Crystal Spear  Conj/Erth      2%         10d2      100%        8
 Animate Armour           Summ/Erth      Unusable   N/A       N/A         4

Dungeon Overview and Level Annotations

Branches:
Dungeon (11/15)            Temple (1/1) D:5            Lair (0/6) D:10
    Orc: D:9-12

Altars:
Ashenzari
Cheibriados
Dithmenos
Elyvilon
Fedhas
Gozag
Hepliaklqana
Kikubaaqudgha
Makhleb
Nemelex Xobeh
Okawaru
Qazlal
Ru
Sif Muna
Trog
Uskayaw
Vehumet
Wu Jian
Xom
Yredelemnul
Zin
The Shining One

Annotations:
D:9 Erolcha


Innate Abilities, Weirdness & Mutations

You have blades for main tentacles.
Your spellcasting is less reliable in this form.
You are incapable of wielding weapons or throwing items.
You cannot wear most types of armour.
You are amphibious.
You can wear up to eight rings at the same time.
Your skin changes colour to match your surroundings (Stealth+).
Your rubbery body absorbs attacks. (AC +1, EV +1)
((You are camouflaged when in or above water. (Stealth+)))
You have tentacles for arms and can constrict up to eight enemies at once.


Message History

What level of the Dungeon? (default 1, ? - help)
There is a stone staircase leading down here.
You climb downwards.
Found 23 gold pieces.
Found a stone staircase leading down.
There is a stone staircase leading up here.
You now have 704 gold pieces (gained 23).
Found 10 stones.
As you open the door, it creaks loudly!
You hear a shout!
A two-headed ogre comes into view. It is wielding two +0 giant clubs.
There is an open door here.
A two-headed ogre is nearby!
A two-headed ogre is nearby!
Press: ? - help, v - describe, . - travel
Here: a two-headed ogre, wielding two +0 giant clubs The floor.
A centaur comes into view.
The centaur wields a +0 shortbow.
The centaur shoots an arrow.
The arrow completely misses you.
The centaur shoots an arrow.
The arrow closely misses you.
There is an open door here.
The centaur shoots an arrow.
The arrow hits you!
The centaur shoots an arrow.
The arrow hits you!
Casting: Blade Hands (dangerous; 6% risk of failure)
Confirm with . or Enter, or press ? or * to list all spells.
Your main tentacles turn into razor-sharp scythe blades.
Casting: Blade Hands (quite dangerous; 36% risk of failure)
Confirm with . or Enter, or press ? or * to list all spells.
Your blood is infused with primal strength.
You slice the two-headed ogre!!
The two-headed ogre is heavily wounded.
You hit the two-headed ogre.
The two-headed ogre is severely wounded.
The two-headed ogre closely misses you.
The two-headed ogre hits you with a +0 giant club!!
You are too injured to fight recklessly!
You slash the two-headed ogre!
The two-headed ogre is almost dead.
The two-headed ogre completely misses you.
The two-headed ogre hits you with a +0 giant club!!
You die...

#.##.# #.# #.##.#
#.# #.##.# #.##.#
#.##.# ##. #.##.##
#####...≈
#.....####.O.....≈
####..#..'...c...≈
#.@#.##(......#
#..O...########
#......# ###....#
#....# #....#
##.### #.# .#


You could see a two-headed ogre.

Vanquished Creatures
  3 death yaks (D:9)
  Prince Ribbit (D:6)
  Sigmund (D:6)
  6 yaks
  4 wyverns
  A steam dragon (D:9)
  Menkaure (D:6)
  2 acid dragons
  2 water moccasins (D:7)
  An ice beast (D:6)
  A sky beast (D:7)
  A black bear (D:8)
  5 orc warriors
  3 ogres
  2 centaurs
  2 phantoms
  4 kobold brigands
  2 bullfrogs
  A scorpion (D:6)
  3 gnoll sergeants
  A howler monkey (D:7)
  3 centaur zombies
  4 hounds
  2 jellies
  5 orc priests
  3 bullfrog skeletons
  A centaur skeleton (D:4)
  10 orc wizards
  Natasha (D:4)
  5 iguanas
  2 hell rats
  2 howler monkey zombies
  5 adders
  19 gnolls
  3 river rats
  2 white imps (D:7)
  2 ufetubi (D:5)
  2 worms
  2 dart slugs
  22 orcs
  2 endoplasms
  5 giant cockroaches
  5 goblins
  11 hobgoblins
  6 jackals
  21 kobolds
  5 quokkas
  6 ball pythons
  10 bats
  5 frilled lizards
  A jackal skeleton (D:4)
  4 rats
223 creatures vanquished.

Vanquished Creatures (others)
  A centaur (D:10)
  A rat (D:10)
2 creatures vanquished.

Grand Total: 225 creatures vanquished

Notes
Turn   | Place    | Note
-------+----------+-------------------------------------------
     0 | D:1      | ChaosChampion the Octopode Transmuter began the quest for
                  | the Orb.
     0 | D:1      | Reached XP level 1. HP: 13/13 MP: 3/3
   344 | D:1      | Reached XP level 2. HP: 17/18 MP: 3/5
   353 | D:1      | Learned a level 2 spell: Wereblood
   538 | D:1      | Found a faded altar of an unknown god.
   721 | D:1      | Reached XP level 3. HP: 23/23 MP: 2/6
  2121 | D:2      | Reached XP level 4. HP: 16/29 MP: 3/7
  2125 | D:2      | Learned a level 3 spell: Spider Form
  3008 | D:3      | Noticed a centaur
  3023 | D:3      | Killed a centaur
  3024 | D:3      | Reached XP level 5. HP: 2/35 MP: 4/8
  3861 | D:4      | Reached skill level 5 in Unarmed Combat
  3875 | D:4      | Reached XP level 6. HP: 41/41 MP: 3/9
  4007 | D:4      | Noticed Natasha
  4016 | D:4      | Killed Natasha
  4548 | D:4      | Reached XP level 7. HP: 46/46 MP: 5/10
  5081 | D:5      | Entered Level 5 of the Dungeon
  5989 | D:5      | Reached XP level 8. HP: 52/54 MP: 9/11
  6131 | D:5      | Found a staircase to the Ecumenical Temple.
  6525 | D:6      | Reached skill level 5 in Dodging
  6558 | D:6      | Noticed Menkaure
  6710 | D:6      | Killed Menkaure
  7270 | D:6      | Noticed Sigmund
  7285 | D:6      | Killed Sigmund
  7286 | D:6      | Reached skill level 5 in Fighting
  7286 | D:6      | Reached skill level 1 in Air Magic
  7531 | D:6      | Noticed Prince Ribbit
  7536 | D:6      | Killed Prince Ribbit
  7854 | D:6      | Reached XP level 9. HP: 46/61 MP: 8/13
  7972 | D:6      | Learned a level 4 spell: Ice Form
  8572 | Temple   | Entered the Ecumenical Temple
  8771 | Temple   | Became a worshipper of Ru the Awakened
  9379 | D:7      | Found a sparkling altar of Nemelex Xobeh.
  9972 | D:7      | Reached skill level 5 in Poison Magic
 10005 | D:6      | Reached skill level 5 in Transmutations
 11662 | D:8      | Reached XP level 10. HP: 66/66 MP: 11/16
 13972 | D:9      | Noticed Erolcha
 14205 | D:10     | Entered Level 10 of the Dungeon
 14208 | D:10     | Noticed a death yak
 14208 | D:10     | Noticed a death yak
 14213 | D:10     | Noticed a death yak
 14282 | D:9      | Learned a level 5 spell: Blade Hands
 14320 | D:9      | Killed a death yak
 14321 | D:9      | Reached skill level 1 in Ice Magic
 15524 | D:9      | Killed a death yak
 15679 | D:9      | HP: 3/66 [wyvern (18)]
 15828 | D:9      | Killed a death yak
 15829 | D:9      | Reached XP level 11. HP: 30/72 MP: 9/17
 16222 | D:10     | Found a staircase to the Lair.
 16881 | D:11     | Noticed a two-headed ogre
 16893 | D:11     | Slain by a two-headed ogre

Illustrated notes

Levels and vault maps discovered:
D:1:      wander_arrival_lonely_grave, layout_basic,
          hellmonk_ecumenical_altar_zigzags
D:2:      layout_rooms
D:3:      layout_basic
D:4:      layout_loops_corners, uniq_natasha
D:5:      layout_basic, temple_hall, minmay_misc_feat_cross, dk_noncrumbling_3
D:6:      layout_basic, uniq_prince_ribbit1, uniq_menkaure, uniq_sigmund
D:7:      layout_basic, mainiacjoe_overflow_small_starburst, abandoned_shop
D:8:      layout_basic
D:9:      layout_irregular_city, uniq_erolcha
D:10:     layout_rooms, dpeg_lair_monsters
D:11:     kennysheep_ambush_hall, layout_basic, serial_shops,
          nicolae_shop_trees, uniq_gastronok
Temple:   minmay_crystal_snake_temple

Skill      XL: |  1  2  3  4  5  6  7  8  9 10 11 |
---------------+----------------------------------+-----
Fighting       | 2 3 4 5 6 |  6.2
Unarmed Combat | 4 5 6 8 9 |  9.1
Dodging        | 3 4 5 6 |  6.1
Air Magic      | 1 |  1.1
Transmutations | 3 7 9 |  9.9
Poison Magic   | 2 5 |  5.0
Spellcasting   | 4 |  4.0
Ice Magic      | 2 3 |  3.3

Action                   |  1- 3 |  4- 6 |  7- 9 | 10-12 || total
-------------------------+-------+-------+-------+-------++-------
Melee: Unarmed           |    86 |   100 |   259 |   192 ||   637
       Constrict         |    25 |    10 |     9 |     5 ||    49
       Tentacles         |     9 |     7 |    11 |    20 ||    47
       Kick              |     6 |       |     2 |       ||     8
       Punch             |     1 |       |     2 |     4 ||     7
Throw: Dart              |       |       |    10 |     3 ||    13
 Cast: Beastly Appendage |     6 |     2 |     2 |     2 ||    12
       Wereblood         |     1 |     5 |    13 |    20 ||    39
       Spider Form       |       |    10 |    39 |    16 ||    65
       Blade Hands       |       |       |       |    15 ||    15
Invok: Reject Sacrifices |       |       |     1 |       ||     1
Evoke: Wand              |       |       |       |     6 ||     6
  Use: Scroll            |       |       |    11 |       ||    11
       Potion            |       |       |     1 |     2 ||     3
 Stab: Sleeping          |     6 |     5 |     2 |       ||    13
Armor: Skin              |    13 |     4 |    13 |     9 ||    39
Dodge: Dodged            |    72 |    89 |   229 |   190 ||   580

Table legend: (Time is in decaauts)
 A = Elapsed time spent in this place.
 B = Non-inter-level travel time spent in this place.
 C = Inter-level travel time spent in this place.
 D = Time resting spent in this place.
 E = Time spent auto-exploring this place.
 F = Levels seen in this place.
 G = Mean time per level.
                   A        B        C        D        E       F      G
               +--------+--------+--------+--------+--------+-----+--------+
         Total |  16846 |  16061 |    785 |   3718 |   9557 |  12 | 1403.8 |
       Dungeon |  16604 |  15861 |    743 |   3718 |   9402 |  11 | 1509.5 |
        Temple |    241 |    199 |     42 |      0 |    155 |   1 |  241.0 |
               +--------+--------+--------+--------+--------+-----+--------+

Top non-repeatable levels by time:
     D:9: 3426 daAuts
     D:6: 2177 daAuts
     D:7: 1839 daAuts
     D:8: 1831 daAuts
     D:5: 1491 daAuts
     D:1: 1369 daAuts
     D:3: 1262 daAuts
     D:4: 1252 daAuts
     D:2: 1189 daAuts
    D:10: 712 daAuts
  Temple: 241 daAuts
    D:11: 51 daAuts
